 Dungeon Crawl Stone Soup version 0.13-a0-2527-g93fcdc4 (webtiles) character file.

12684 4tharraofdagon the Spear-Bearer (level 11, 0/94 HPs)
             Began as a Djinni Berserker on July 25, 2013.
             Was an Elder of Trog.
             Slain by a rock worm (14 damage)
             ... summoned by a deep elf summoner
             ... on Level 1 of the Elven Halls.
             The game lasted 00:43:55 (6155 turns).

4tharraofdagon the Spear-Bearer (Djinni Berserker)  Turns: 6155, Time: 00:43:55

HP   0/94        AC 28     Str 21      XL: 11   Next: 63%
MP   0/0         EV  6     Int  8      God: Trog [****..]
Gold 156         SH  0     Dex 12      Spells:  0 memorised, 10 levels left

Res.Fire  : + + +   See Invis. : .   j - +0,+3 glaive (holy)
Res.Cold  : + + .   Warding    : .   f - +10 orc plate armour {ponderous}
Life Prot.: + + +   Conserve   : .   (no shield)
Res.Poison: .       Res.Corr.  : .   A - +0 helmet
Res.Elec. : +       Clarity    : .   (no cloak)
Sust.Abil.: . .     Spirit.Shd : .   n - +1 pair of gloves of the Beekeeper {rElec Res.Mut. : . Stasis : . (boots unavailable) Res.Rott. : . Flight : . (no amulet) Saprovore : . . . (no ring) b - ring of ice

@: regenerating, confused, quite poisoned, very slightly contaminated, slow,
very resistant to hostile enchantments, extremely unstealthy
A: no striking features
a: Burn Spellbooks, Berserk, Trog's Hand, Brothers in Arms, Renounce Religion


You were on level 1 of the Elven Halls.
You worshipped Trog.
Trog was extremely pleased with you.
You were not hungry.

You visited 3 branches of the dungeon, and saw 15 of its levels.

You collected 1327 gold pieces.
You spent 1191 gold pieces at shops.

Inventory:

Hand weapons
 a - a +0,-2 spear {=f}
 j - a +0,+3 glaive of holy wrath (weapon)
 q - a +3,+2 trident of freezing
 w - a -1,+0 orcish trident
 C - a +0,+0 halberd
 I - a -2,-1 orcish trident
Armour
 f - a +10 orcish plate armour of ponderousness (worn)
 h - a +2 scale mail of poison resistance
 l - a +1 orcish plate armour of cold resistance
 n - the +1 pair of gloves of the Beekeeper (worn) {rElec rC++}
   (You bought it in a shop on level 4 of the Orcish Mines)

   It greatly protects you from cold.
   It insulates you from electricity.
 v - a +0 pair of gloves
 A - a +0 helmet (worn)
 G - a +0 troll hide
Magical devices
 d - a wand of disintegration (11) {unknown}
 g - a wand of teleportation (3)
 t - a wand of polymorph (12)
 E - a wand of confusion (0)
 F - a wand of draining (0)
Scrolls
 c - 2 scrolls of recharging {unknown}
 e - a scroll of remove curse
 m - a scroll of blinking {unknown}
 o - 2 scrolls of noise {unknown}
 r - a scroll of enchant weapon II
 u - a scroll of amnesia {unknown}
Jewellery
 b - a ring of ice (left hand)
 p - an uncursed amulet of warding {unknown}
Potions
 z - a potion of paralysis {unknown}
 B - a potion of restore abilities
 H - a potion of beneficial mutation


   Skills:
 + Level 8.8 Fighting
 * Level 13.9 Polearms
 + Level 10.4 Armour
 - Level 1.7 Dodging
 + Level 4.7 Evocations


You had 10 spell levels left.
You didn't know any spells.

Dungeon Overview and Level Annotations

Branches:
Dungeon (10/27)               Orc (4/4) D:10            Elf (1/3) Orc:3
 Temple: D:4-7         Lair: D:8-13

Altars:
Elyvilon
Kikubaaqudgha
Sif Muna
Yredelemnul

Shops:
D:5: [ Orc:1: [ Orc:4: [*%?


Message History

* * * LOW HITPOINT WARNING * * *
You feel sick. The rock worm barely misses you.
The jumping spider pounces on you but does no damage.
The jumping spider bites you but does no damage.
The demonic crawler hits you but does no damage.
Unknown command.
Unknown command.
You slice the jumping spider!!
You kill the jumping spider!
The jumping spider's corpse disappears in a puff of smoke!
* * * LOW HITPOINT WARNING * * *
You feel sick.
The tarantella disappears in a puff of smoke!
The rock worm bites you but does no damage.
The deep elf summoner mumbles some strange words.
The demonic crawler hits you but does no damage.
The demonic crawler hits you.
* * * LOW HITPOINT WARNING * * *
The rock worm bites you!
You die... ### #s########## #rsersss@§.#

#s#####w##.##
#..§.sse#..[.
#####w#s#..#.############
#.#..#....§§§......
#####s#.......§§§......
...#.####...)§§§......
#####.#e......###########
#...#........>########


You could see a demonic crawler, a rock worm, a deep elf summoner, a redback, 2
tarantellas, 2 orange rats and 2 spiders.

Vanquished Creatures
  A deep elf demonologist (Elf:1)
  Fannar (Orc:2)
  An orc high priest (Orc:4)
  A centaur warrior (Orc:4)
  2 deep elf conjurers
  Pikel (D:5)
  An orc knight (Orc:4)
  A griffon (D:10)
  A deep elf priest (Elf:1)
  2 jumping spiders (Elf:1)
  A troll (D:10)
  A two-headed ogre (Orc:3)
  A deep elf mage (Elf:1)
  A redback (Elf:1)
  A steam dragon (D:10)
  A deep elf fighter (Elf:1)
  2 hungry ghosts (D:10)
  Menkaure (D:5)
  2 ice beasts
  2 phantoms (D:10)
  10 centaurs (Orc:4)
  25 orc warriors
  4 ogres
  3 wargs
  2 big kobolds (D:10)
  Blork the orc (D:5)
  A giant frog (D:10)
  A water moccasin (D:10)
  A yak zombie (D:10)
  A quasit (D:9)
  4 wights (D:10)
  20 orc priests
  A spider (Elf:1)
  3 iguanas
  A water moccasin skeleton (D:5)
  A scorpion (D:10)
  16 orc wizards
  2 orange rats (Elf:1)
  2 worker ants
  A jelly (D:10)
  5 ogre zombies (D:10)
  Terence (D:2)
  4 gnolls
  2 adders
  A giant mite (D:2)
  A white imp (Elf:1)
  A worm (D:10)
  2 adder skeletons
  142 orcs
  A giant cockroach (D:2)
  17 goblins
  8 hobgoblins
  5 jackals
  13 kobolds
  2 quokkas
  3 bats
  A hobgoblin skeleton (D:10)
  2 hobgoblin zombies (D:10)
  3 orc skeletons
  7 orc zombies (D:10)
  A quokka skeleton (D:6)
  3 rats
  14 ballistomycetes (D:10)
364 creatures vanquished.

Vanquished Creatures (collateral kills)
  4 orc warriors (Orc:4)
  An orc wizard (Orc:4)
  An orc (Orc:4)
6 creatures vanquished.

Vanquished Creatures (others)
  The ghost of Pascal76 the Chucker, an average CeGl of Xom (D:4)
  2 ogres (Orc:4)
  An orc (Orc:2)
  A giant spore (D:10)
5 creatures vanquished.

Grand Total: 375 creatures vanquished

Notes
Turn   | Place    | Note
--------------------------------------------------------------
     0 | D:1      | 4tharraofdagon, the Djinni Berserker, began the quest for the Orb.
     0 | D:1      | Reached XP level 1. HP: 16/16 MP: 0/0
   228 | D:2      | Noticed Terence
   258 | D:2      | Killed Terence
   258 | D:2      | Reached XP level 2. EP: 22/22
   355 | D:2      | Reached skill level 4 in Polearms
   406 | D:2      | Reached XP level 3. EP: 21/29
   588 | D:3      | Acquired Trog's second power
   602 | D:3      | Reached XP level 4. EP: 35/35
   702 | D:4      | Found an ancient bone altar of Kikubaaqudgha.
   705 | D:4      | Found a basalt altar of Yredelemnul.
   711 | D:4      | Killed Pascal76's ghost
   781 | D:5      | Entered Level 5 of the Dungeon
   813 | D:5      | Reached skill level 5 in Polearms
   813 | D:5      | Reached XP level 5. EP: 41/41
   879 | D:5      | Noticed Menkaure
   895 | D:5      | Killed Menkaure
   895 | D:5      | Reached XP level 6. EP: 48/48
  1111 | D:5      | Noticed Pikel
  1111 | D:5      | Noticed a slave
  1112 | D:5      | Noticed a slave
  1112 | D:5      | Noticed a slave
  1113 | D:5      | Noticed a slave
  1188 | D:5      | Killed Pikel
  1188 | D:5      | Reached skill level 7 in Polearms
  1188 | D:5      | Reached skill level 5 in Armour
  1188 | D:5      | Reached XP level 7. EP: 38/55
  1200 | D:5      | Found Tweddaugu's Armour Boutique.
  1289 | D:5      | Noticed Blork the orc
  1299 | D:5      | Killed Blork the orc
  1516 | D:7      | Found a white marble altar of Elyvilon.
  1585 | D:8      | Reached XP level 8. EP: 61/61
  1595 | D:8      | Reached skill level 5 in Fighting
  1595 | D:8      | Reached skill level 8 in Polearms
  2155 | D:9      | Found a deep blue altar of Sif Muna.
  2159 | D:10     | Entered Level 10 of the Dungeon
  2168 | D:10     | Noticed a griffon
  2246 | D:10     | Killed a griffon
  2246 | D:10     | Reached skill level 9 in Polearms
  2302 | D:10     | Noticed a troll
  2852 | D:10     | Reached XP level 9. EP: 41/69
  2920 | D:10     | Killed a troll
  2920 | D:10     | Reached skill level 10 in Polearms
  3125 | D:10     | Found a staircase to the Orcish Mines.
  3298 | D:10     | Reached skill level 11 in Polearms
  3325 | Orc:1    | Entered Level 1 of the Orcish Mines
  3461 | Orc:2    | Noticed Fannar
  3709 | Orc:1    | Found Boast's Antique Armour Shoppe.
  3841 | Orc:1    | Reached XP level 10. EP: 68/77
  3886 | Orc:1    | Acquired Trog's third power
  4190 | Orc:4    | Entered Level 4 of the Orcish Mines
  4208 | Orc:4    | Found an ancient bone altar of Kikubaaqudgha.
  4230 | Orc:4    | Noticed a centaur warrior
  4527 | Orc:2    | Reached skill level 12 in Polearms
  4607 | Orc:1    | Bought a glowing orcish plate armour for 515 gold pieces
  4670 | Orc:2    | Killed Fannar
  4730 | Orc:2    | Received a gift from Trog
  4875 | Orc:4    | Killed a centaur warrior
  5144 | Orc:4    | Reached skill level 1 in Evocations
  5241 | Orc:4    | Reached skill level 13 in Polearms
  5272 | Orc:4    | Reached XP level 11. EP: 80/87
  5284 | Orc:4    | Noticed an orc knight
  5339 | Orc:4    | Killed an orc knight
  5377 | Orc:4    | Noticed an orc high priest
  5409 | Orc:4    | Killed an orc high priest
  5409 | Orc:4    | Reached skill level 10 in Armour
  5477 | Orc:4    | Found Teor's General Store.
  5477 | Orc:4    | Found Afapnif's Food Boutique.
  5480 | Orc:4    | Found Bamu's Magic Scroll Shop.
  5482 | Orc:4    | Found Doapat's Armour Emporium.
  5487 | Orc:4    | Bought the +1 pair of gloves of the Beekeeper {rElec rC++} for 676 gold pieces
  5654 | Orc:3    | Found a staircase to the Elven Halls.
  5658 | Orc:3    | Noticed a deep elf conjurer
  5671 | Orc:3    | Killed a deep elf conjurer
  5840 | Elf:1    | Entered Level 1 of the Elven Halls
  5976 | Elf:1    | Noticed a deep elf demonologist
  5984 | Elf:1    | Noticed a shadow demon
  5991 | Elf:1    | Noticed a sun demon
  6000 | Elf:1    | Killed a deep elf demonologist
  6155 | Elf:1    | Slain by a rock worm

Action                   |  1- 3 |  4- 6 |  7- 9 | 10-12 || total
-------------------------+-------+-------+-------+-------++-------
Melee: Spear             |   107 |   131 |   399 |       ||   637
       Unarmed           |       |       |     4 |       ||     4
       Halberd           |       |       |   106 |       ||   106
       Trident           |       |       |   265 |   612 ||   877
       Glaive            |       |       |       |    77 ||    77
Invok: Berserk           |     3 |     4 |    13 |     7 ||    27
       Trog's Hand       |       |     4 |    16 |    32 ||    52
       Brothers in Arms  |       |       |       |     4 ||     4
  Use: Scroll            |       |       |     8 |     3 ||    11
       Potion            |       |       |     1 |       ||     1
